 Dungeon Crawl Stone Soup version 0.23.1 (webtiles) character file.

Game seed: 6590784732625577420

45 Borgoz the Sneak (level 3, -3/26 HPs)
             Began as a Ghoul Enchanter on Mar 3, 2019.
             Slain by Terence
             ... wielding a +0 flail
              (7 damage)
             ... on level 2 of the Dungeon.
             The game lasted 00:01:34 (1289 turns).

Borgoz the Sneak (Ghoul Enchanter)                  Turns: 1289, Time: 00:01:35

Health: -3/26      AC:  5    Str: 16    XL:     3   Next: 64%
Magic:  3/5        EV: 11    Int: 10    God:
Gold:   59         SH:  0    Dex: 10    Spells: 5/6 levels left

rFire    . . .     SeeInvis .   a - +1 dagger
rCold    + . .     Gourm    .   (no shield)
rNeg     + + +     Faith    .   h - +0 ring mail
rPois    ∞         Spirit   .   (no helmet)
rElec    .         Reflect  .   (no cloak)
rCorr    .         Harm     .   (no gloves)
MR       .....                  (no boots)
Stlth    ++........             (no amulet)
HPRegen  0.00/turn              (no ring)
MPRegen  0.09/turn              (no ring)

@: mighty, very slightly contaminated, rotting
A: rotting body, claws 1, carnivore, cold resistance 1, negative energy
resistance 3, inhibited regeneration, torment resistance, unbreathing
a: no special abilities


You were on level 2 of the Dungeon.
You were not hungry.

You visited 1 branch of the dungeon, and saw 2 of its levels.

You collected 59 gold pieces.

Inventory:

Hand Weapons
 a - a +1 dagger (weapon)
Missiles
 j - 7 javelins of returning (quivered)
Armour
 h - a +0 ring mail (worn)
Scrolls
 b - 2 scrolls of teleportation {unknown}
 e - 4 scrolls of identify {unknown}
 g - a scroll of fear {unknown}
 i - a scroll of remove curse {unknown}
Potions
 k - a potion of magic {unknown}
 l - a potion of curing {unknown}
Comestibles
 d - 3 rations
 f - a chunk of flesh


   Skills:
 + Level 1.0 Short Blades
 + Level 2.0 Dodging
 + Level 4.5 Stealth
 + Level 2.1 Spellcasting
 + Level 2.6 Hexes


You had 5 spell levels left.
You knew the following spells:

 Your Spells              Type           Power        Failure   Level  Hunger
a - Corona                Hex            #......      21%         1    ##.....

Your spell library contained the following spells:

 Spells                   Type           Power        Failure   Level  Hunger
 Ensorcelled Hibernation  Hex/Ice        #.....       47%         2    ###....
 Confuse                  Hex            #.......     52%         3    ####...
 Tukima's Dance           Hex            #.......     52%         3    ####...
 Dazzling Spray           Conj/Hex       #.....       71%         3    ####...


Dungeon Overview and Level Annotations

Branches:
Dungeon (2/15)

Altars:

Annotations:
D:2 Terence


Innate Abilities, Weirdness & Mutations

Your body is rotting away.
You thrive on raw meat.
You are immune to poison.
You have sharp fingernails.
You are carnivorous and can eat meat at any time.
Your flesh is cold resistant. (rC+)
You are immune to negative energy. (rN+++)
You do not regenerate when monsters are visible.
You are immune to unholy pain and torment.
You can survive without breathing.


Message History

Terence is moderately wounded.
Terence barely misses you.
You hit Terence but do no damage.
Terence is moderately wounded.
Terence stops glowing.
You hit Terence but do no damage.
Terence is moderately wounded.
Terence hits you with a +0 flail!
* * * LOW HITPOINT WARNING * * *
You hit Terence but do no damage.
Terence is moderately wounded.
Terence barely misses you.
It was a potion of might.
You feel very mighty all of a sudden. Terence closely misses you.
Okay, then.
You barely miss Terence.
Terence is moderately wounded.
Terence hits you with a +0 flail!
You die...

#..# #..#
#..# #..#
#######..#
.........#
#######w##
#@# #@# #.#
#.# #.#
###.#
#####.#.###
#.........#
#####.#####
#.#


You could see Terence and a worm.

Vanquished Creatures
  2 adders (D:2)
  An ooze (D:2)
  2 dart slugs (D:1)
  A leopard gecko (D:1)
  A giant cockroach (D:1)
  2 hobgoblins (D:1)
  2 ball pythons (D:1)
  2 bats
  A frilled lizard (D:1)
  2 kobolds (D:1)
  7 rats (D:1)
23 creatures vanquished.

Notes
Turn   | Place    | Note
-------+----------+-------------------------------------------
     0 | D:1      | Borgoz the Ghoul Enchanter began the quest for the Orb.
     0 | D:1      | Reached XP level 1. HP: 14/14 MP: 2/2
   196 | D:1      | Reached XP level 2. HP: 9/20 MP: 3/3
   810 | D:1      | Reached skill level 1 in Short Blades
   991 | D:1      | Reached skill level 4 in Stealth
  1037 | D:2      | Reached XP level 3. HP: 26/26 MP: 3/5
  1255 | D:2      | Noticed Terence
  1289 | D:2      | Slain by Terence

Skill      XL: |  1  2 |
---------------+-------+-----
Short Blades   | 1 |  1.0
Dodging        | 2 |  2.0
Stealth        | 4 |  4.5
Spellcasting   | 2 |  2.1
Hexes          | |  2.6

Action                   || total
-------------------------++-------
Melee: Dagger            ||    96
 Cast: Corona            ||     1
  Use: Potion            ||     1
 Stab: Sleeping          ||     8
  Eat: Chunk             ||     4
Armor: Robe              ||     4
       Ring mail         ||    21
Dodge: Dodged            ||    42
